 Dungeon Crawl Stone Soup version 0.22-a0-833-g8522bf8 (webtiles) character file.

97 Amnesiac the Digger (level 4, 0/30 HPs)
             Began as a Mummy Earth Elementalist on July 25, 2018.
             Slain by a scorpion (9 damage)
             ... on level 7 of the Dungeon.
             The game lasted 00:03:24 (2007 turns).

Amnesiac the Digger (Mummy Earth Elementalist)      Turns: 2007, Time: 00:03:25

Health: 0/30       AC:  3    Str: 11    XL:     4   Next: 42%
Magic:  1/9        EV: 12    Int: 15    God:
Gold:   61         SH:  0    Dex: 12    Spells: 4/10 levels left

rFire    x . .     SeeInvis .   d - -1 dagger (curse)
rCold    + . .     Gourm    .   (no shield)
rNeg     + + +     Faith    .   c - +0 robe
rPois    ∞         Spirit   .   f - +0 helmet
rElec    .         Reflect  .   a - scarf {cloud immunity}
rCorr    .         Harm     .   (no gloves)
MR       .....                  (no boots)
Stlth    ++........             (no amulet)
HPRegen  0.10/turn              (no ring)
MPRegen  0.11/turn              (no ring)

@: very slightly contaminated
A: no food or potions, fire vulnerability, cold resistance 1, negative energy
resistance 3, torment resistance, unbreathing
a: no special abilities


You were on level 7 of the Dungeon.
You were not hungry.

You visited 1 branch of the dungeon, and saw 6 of its levels.

You collected 61 gold pieces.

Inventory:

Hand Weapons
 d - a cursed -1 dagger (weapon)
 e - a +1 dagger of protection
 g - a +1 hunting sling of freezing
 l - a +0 dagger of speed
Armour
 a - a scarf of cloud immunity (worn)
 c - a +0 robe (worn)
 f - a +0 helmet (worn)
Scrolls
 h - a scroll of enchant armour {!r, unknown}
 i - a scroll of teleportation {!r}
 j - a scroll of random uselessness {!r, unknown}
 k - a scroll of remove curse {!r, unknown}


   Skills:
 - Level 1.5 Dodging
 - Level 1.5 Stealth
 + Level 3.9 Spellcasting
 - Level 0.7 Transmutations
 * Level 3.9 Earth Magic


You had 4 spell levels left.
You knew the following spells:

 Your Spells              Type           Power        Failure   Level  Hunger
a - Stone Arrow           Conj/Erth      #.....       24%         3    N/A
b - Passwall              Tmut/Erth      #.......     11%         2    N/A
c - Sandblast             Erth           ##....       3%          1    N/A

Your spell library contained the following spells:

 Spells                   Type           Power        Failure   Level  Hunger
 Magic Dart               Conj           #...         19%         1    N/A
 Conjure Flame            Conj/Fire      #.......     50%         3    N/A
 Slow                     Hex            #.......     28%         2    N/A
 Mephitic Cloud           Conj/Pois/Air  #.......     50%         3    N/A
 Blink                    Tloc           N/A          28%         2    N/A
 Call Imp                 Summ           #.......     28%         2    N/A
 Lee's Rapid Deconstruct  Erth           ##........   71%         5    N/A
 Petrify                  Tmut/Erth      #.......     56%         4    N/A

Dungeon Overview and Level Annotations

Branches:
Dungeon (7/15)
 Temple: D:4-7

Altars:
Kikubaaqudgha


Innate Abilities, Weirdness & Mutations

You do not eat or drink.
Your flesh is vulnerable to fire.
You are immune to poison.
Your flesh is cold resistant. (rC+)
You are immune to negative energy. (rN+++)
You are immune to unholy pain and torment.
You can survive without breathing.


Message History

Unknown command.
Casting: Sandblast (safe; 3% risk of failure)
Confirm with . or Enter, or press ? or * to list all spells.
Aiming: Sandblast (safe; 3% risk of failure)
Press: ? - help, Shift-Dir - straight line, f/p - scorpion
Aim: a scorpion (heavily wounded)
The blast of sand hits the scorpion.
The scorpion is heavily wounded.
You now have no stones remaining.
The scorpion barely misses you.
Unknown command.
Adjust (i)tems, (s)pells, or (a)bilities?
Adjust which spell? a - Sandblast Adjust to which letter?
Okay, then.
Unknown command.
Adjust (i)tems, (s)pells, or (a)bilities?
Adjust which spell? c - Stone Arrow Adjust to which letter? a - Stone Arrow; c - Sandblast You aren't carrying any items that you can evoke.
Unknown command.
Casting: Sandblast (safe; 3% risk of failure)
Confirm with . or Enter, or press ? or * to list all spells.
Aiming: Stone Arrow (safe; 24% risk of failure)
Press: ? - help, Shift-Dir - straight line, f/p - scorpion
Aim: a scorpion (heavily wounded)
You miscast Stone Arrow.
You are very lightly contaminated with residual magic.
You feel earthy.
Unknown command.
A wight comes into view. It is wielding a scimitar.
A wight comes into view. It is wielding a war axe.
The wight misses you. The wight barely misses you. x2
The wight barely misses you.
A wight comes into view. It is wielding a flail of freezing.
The wight hits you with a flail of freezing.
You see here 20 arrows.
Your magical contamination has completely faded away.
The wight hits you with a flail of freezing!
* * * LOW HITPOINT WARNING * * *
The wight freezes you.
* * * LOW HITPOINT WARNING * * *
You see here a book of Minor Magic.
You pick up a book of Minor Magic and begin reading...
You add the spells Magic Dart, Blink, Call Imp, Slow, Conjure Flame and Mephitic Cloud to your library.
The scorpion closely misses you.
There is a stone staircase leading down here.
The scorpion stings you but does no damage.
You climb downwards.
There is a stone staircase leading up here.
You aren't carrying any items that you can evoke.
Unknown command.
Casting: Stone Arrow (safe; 24% risk of failure)
Confirm with . or Enter, or press ? or * to list all spells.
Aiming: Stone Arrow (safe; 24% risk of failure)
Press: ? - help, Shift-Dir - straight line, f - scorpion
Aim: a scorpion (moderately wounded)
You miscast Stone Arrow.
You are very lightly contaminated with residual magic.
You feel a strange surge of energy! The scorpion stings you!
You die...

...
.?#
#.#
#.#
#.#
#.#
#s#
#@#
###


You could see a scorpion.

Vanquished Creatures
  Robin (D:2)
  4 adders
  A worm (D:3)
  A dart slug (D:4)
  3 leopard geckos
  4 orcs (D:3)
  A giant cockroach (D:3)
  11 goblins
  A hobgoblin (D:1)
  4 kobolds
  6 bats
  A quokka skeleton (D:6)
  2 rats
40 creatures vanquished.

Notes
Turn   | Place    | Note
-------+----------+-------------------------------------------
     0 | D:1      | Amnesiac the Mummy Earth Elementalist began the quest for the Orb.
     0 | D:1      | Reached XP level 1. HP: 13/13 MP: 4/4
    61 | D:2      | Noticed Robin
    88 | D:1      | Reached XP level 2. HP: 13/19 MP: 0/5
    92 | D:1      | Learned a level 2 spell: Passwall
   671 | D:1      | Reached XP level 3. HP: 10/24 MP: 4/7
   676 | D:1      | Learned a level 3 spell: Stone Arrow
   911 | D:2      | Killed Robin
  1349 | D:3      | Found an ancient bone altar of Kikubaaqudgha.
  1378 | D:3      | Reached XP level 4. HP: 27/30 MP: 0/9
  1540 | D:3      | Found a faded altar of an unknown god.
  1910 | D:4      | You fall through a shaft for 2 floors!
  2007 | D:7      | Slain by a scorpion

Vault maps used:
D:1:      minmay_arrival_four_houses, minmay_domino_2
D:2:      kb_forest_paths, uniq_robin
D:3:      lemuel_crystal_altar, first_ration,
          chequers_ecumenical_altar_simple_redux
D:4:      serial_shops, kennysheep_mini, uniq_edmund
D:6:      overflow_temple_1_default, kennysheep_flooded_box
D:7:      hangedman_cross_stitches, overflow_temple_1_default,
          minmay_temple_entry_overgrown, minmay_misc_feat_four_crosses

Skill      XL: |  1  2 |
---------------+-------+-----
Spellcasting   | 3 |  3.9
Earth Magic    | 3 |  3.9
Dodging        | |  1.5
Stealth        | |  1.5
Transmutations | |  0.7

Action                   |  1- 3 |  4- 6 || total
-------------------------+-------+-------++-------
Melee: Unarmed           |    14 |       ||    14
       Dagger            |     3 |    11 ||    14
 Cast: Sandblast         |    51 |    16 ||    67
  Use: Scroll            |     1 |     1 ||     2
Armor: Robe              |    27 |     4 ||    31
Dodge: Dodged            |    67 |    19 ||    86

Table legend:
 A = Spawn XP
 B = Non-spawn XP
 C = Spawn XP percentage of total XP
 D = Spawn monster count
 E = Non-spawn monster count
 F = Spawn count percentage of total count
 G = Total turns spent on level
                    A         B        C        D         E        F      G
               +---------+---------+-------+---------+---------+-------+---------
         Total |       0 |     139 |   0.0 |       0 |      40 |   0.0 |  2007
               +---------+---------+-------+---------+---------+-------+---------
           D:1 |       0 |      40 |   0.0 |       0 |      16 |   0.0 |   859
           D:2 |       0 |      32 |   0.0 |       0 |       5 |   0.0 |   201
           D:3 |       0 |      49 |   0.0 |       0 |      16 |   0.0 |   601
           D:4 |       0 |      17 |   0.0 |       0 |       2 |   0.0 |   249
           D:6 |       0 |       1 |   0.0 |       0 |       1 |   0.0 |    96
               +---------+---------+-------+---------+---------+-------+---------
